 Dungeon Crawl Stone Soup version 0.31.0-11-ge490571c62 (webtiles) character file.

Game seed: 2625571875065611613

21 qw the Shooter (level 2, 0/16 HPs)
             Began as a Deep Elf Hunter on Feb 3, 2024.
             Succumbed to their own poison gas
             ... on level 1 of the Dungeon.
             The game lasted 00:00:01 (621 turns).

qw the Shooter (Deep Elf Hunter)                     Turns: 621, Time: 00:00:02

Health: 0/16       AC:  5    Str:  8    XL:     2   Next: 65%
Magic:  4/4        EV: 10    Int: 13    God:
Gold:   43         SH:  0    Dex: 18    Spells: 1/1 levels left

rFire   . . .        f - +0 orcbow
rCold   . . .        (shield currently unavailable)
rNeg    . . .        d - +0 ring mail
rPois   .            (no helmet)
rElec   .            (no cloak)
rCorr   .            (no gloves)
SInv    .            (no boots)
Will    .....        (no amulet)
Stlth   +            (no ring)
HPRegen 0.22/turn    (no ring)
MPRegen 0.09/turn

%: no passive effects
@: lethally poisoned (0 -> -3)
A: no striking features
a: no special abilities


You were on level 1 of the Dungeon.
You visited 1 branch of the dungeon, and saw 1 of its levels.

You collected 43 gold pieces.


   Skills:
 - Level 1.5 Fighting
 + Level 6.4 Ranged Weapons
 - Level 2.4 Dodging
 - Level 1.2 Stealth


You had one spell level left.
You didn't know any spells.
Your spell library was empty.

Inventory:

Hand Weapons
 f - a +0 orcbow (weapon)
Armour
 d - a +0 ring mail (worn)
Potions
 a - a potion of curing {unknown}
 e - a potion of resistance {unknown}
 g - a potion of brilliance {unknown}

Dungeon Overview and Level Annotations

Branches:
Dungeon (1/15)

Altars:


Message History

You finish taking off your +0 leather armour.
You start putting on your armour.
You continue putting on your +0 ring mail. x5
You finish putting on your +0 ring mail.
612 ||| DROPPING +0 leather armour.
You drop a +0 leather armour.
Done exploring.
613 ||| READING scroll labelled UNOXIPT LIALE.
The air fills with toxic fumes!
As you read the scroll labelled UNOXIPT LIALE, it crumbles to dust.
It was a scroll of poison.
Done exploring.
614 ||| DROPPING scroll of butterflies.
You drop a scroll of butterflies.
Done exploring.
What level of the Dungeon? (default 1, ? - help) Sorry, I don't know how to get there.
Enter note:
Enter note:
Enter note:
Enter note:
Enter note:
Enter note:
Enter note:
Enter note:
Enter note: You are engulfed in poison gas.
You are poisoned.
You feel very sick.
616 ||| Stepping ~*~*~tactically~*~*~ (cloud).
You feel sick.
Things that are here:
a scroll of butterflies; a +0 leather armour
There is a lethal amount of poison in your body!
You feel sick.
There is a lethal amount of poison in your body!
You feel sick.
There is a lethal amount of poison in your body!
You feel sick.
There is a lethal amount of poison in your body!
You feel sick.
There is a lethal amount of poison in your body!
You die...

.# #....:......#
.# #.#......#%.#
.# #.#.........#
.# #........#..#
## #.....#.....#
###........####
##.....#....#
####..#.#¤###¤####
#....##.##¤¤¤¤0¤@#
#.###########0##0#
..# #.##0# .##
#...¤# ## #####
###### #...# #.#.#
####.#.#### #
#.........#


There were no monsters in sight!

Vanquished Creatures
  2 bats (D:1)
  2 giant cockroaches (D:1)
  A goblin (D:1)
  A hobgoblin (D:1)
  4 jackals (D:1)
  3 quokkas (D:1)
  A frilled lizard (D:1)
  A kobold (D:1)
  4 rats (D:1)
19 creatures vanquished.

Notes
Turn   | Place    | Note
-------+----------+-------------------------------------------
     0 | D:1      | qw the Deep Elf Hunter began the quest for the Orb.
     0 | D:1      | Reached XP level 1. HP: 12/12 MP: 3/3
     0 | D:1      | 0 ||| qw: Version: 0.3-a-158-g18b3111
     0 | D:1      | 0 ||| qw: Game counter: 4093
     0 | D:1      | 0 ||| qw: Melee chars always use a shield: true
     0 | D:1      | 0 ||| qw: God list: Okawaru
     0 | D:1      | 0 ||| qw: Allow faded altars: false
     0 | D:1      | 0 ||| qw: Do Orc after clearing Dungeon:15 true
     0 | D:1      | 0 ||| qw: Do second Lair branch before Depths: true
     0 | D:1      | 0 ||| qw: Lair rune preference: random
     0 | D:1      | 0 ||| qw: Goals: Normal
     0 | D:1      | 0 ||| PLANNING D:1-11
     2 | D:1      | Noticed a vine stalker
     2 | D:1      | Noticed a minotaur
     4 | D:1      | Noticed a gargoyle
     4 | D:1      | Noticed an elf
     6 | D:1      | Noticed a barachi
     6 | D:1      | Noticed a felid
     8 | D:1      | Noticed a human
     8 | D:1      | Noticed a vampire
    10 | D:1      | Noticed an armataur
    10 | D:1      | Noticed a demigod
    12 | D:1      | Noticed a formicid
    12 | D:1      | Noticed a draconian
    14 | D:1      | Noticed a djinni
    14 | D:1      | Noticed a tengu
    16 | D:1      | Noticed a troll
    16 | D:1      | Noticed a spriggan
    20 | D:1      | Noticed a demonspawn
    20 | D:1      | Noticed a merfolk
    22 | D:1      | Noticed a ghoul
    24 | D:1      | Noticed a naga
    24 | D:1      | Noticed an octopode
    26 | D:1      | Noticed an oni
   194 | D:1      | Reached skill level 6 in Ranged Weapons
   194 | D:1      | Reached XP level 2. HP: 16/16 MP: 4/4
   306 | D:1      | 306 ||| SWAPPING to +0 orcbow.
   308 | D:1      | 308 ||| DROPPING +0 shortbow.
   602 | D:1      | 602 ||| UPGRADING to +0 ring mail.
   612 | D:1      | 612 ||| DROPPING +0 leather armour.
   613 | D:1      | 613 ||| READING scroll labelled UNOXIPT LIALE.
   614 | D:1      | 614 ||| DROPPING scroll of butterflies.
   616 | D:1      | 616 ||| Stepping ~*~*~tactically~*~*~ (cloud).
   617 | D:1      | HP: 3/16 [poisoned by you (poison gas)]
   619 | D:1      | HP: 1/16 [poisoned by you (poison gas)]
   621 | D:1      | Succumbed to their own poison gas

Levels and vault maps discovered:
D:1:      kb_arrival_jail, layout_basic

Skill      XL: |  1 |
---------------+----+-----
Ranged Weapons | 6 |  6.4
Fighting       | |  1.5
Dodging        | |  2.4
Stealth        | |  1.2

Action                     || total
---------------------------++-------
   Fire: Shortbow          ||    26
         Orcbow            ||    24
    Use: Scroll            ||     1
 Armour: Leather armour    ||    13
  Dodge: Dodged            ||    19

Table legend:
 A = Non-vault XP
 B = Vault XP
 C = Vault XP percentage of total XP
 D = Non-vault monster count
 E = Vault monster count
 F = Vault count percentage of total count
                 A         B        C        D         E       F
            +---------+---------+-------+---------+---------+-------
      Total |      31 |       0 |   0.0 |      19 |       0 |   0.0
            +---------+---------+-------+---------+---------+-------
        D:1 |      31 |       0 |   0.0 |      19 |       0 |   0.0
            +---------+---------+-------+---------+---------+-------
